 Dungeon Crawl Stone Soup version 0.19.1-1-g22dce08 (webtiles) character file.

16601 Jynx the Unseen (level 12, -7/74 HPs)
             Began as a Vampire Enchanter on Jan 9, 2017.
             Was a Believer of Ashenzari.
             Mangled by a crocodile (18 damage)
             ... on level 2 of the Lair of Beasts.
             The game lasted 00:35:08 (16431 turns).

Jynx the Unseen (Vampire Enchanter)                Turns: 16431, Time: 00:35:09

Health: -7/74      AC:  0    Str:  7    XL:     12   Next: 11%
Magic:  3/15       EV: 21    Int: 19    God:    Ashenzari [**....]
Gold:   737        SH:  0    Dex: 23    Spells: 3 memorised, 9 levels left

rFire  . . .     SeeInvis +     (weapon currently unavailable)
rCold  + + .     Gourm    .     (armour currently unavailable)
rNeg   + + +     Faith    .     (shield currently unavailable)
rPois  ∞         Spirit   .     (helmet currently unavailable)
rElec  .         Reflect  .     (cloak currently unavailable)
rCorr  .         Harm     .     (gloves currently unavailable)
MR     +....                    (boots currently unavailable)
Stlth  +++++++++.               (no amulet)
                                (ring currently unavailable)
                                (ring currently unavailable)

@: bat-form, flying, bloodless, non-regenerating, very quick
A: fangs 3, see invisible, (unbreathing)
a: End Transformation, Curse Item, Scrying, Renounce Religion


You were on level 2 of the Lair of Beasts.
You worshipped Ashenzari.
Ashenzari was pleased with you.
You were bloodless.
You were in vampire-bat-form.
You visited 2 branches of the dungeon, and saw 14 of its levels.

You collected 737 gold pieces.

Inventory:

Hand Weapons
 s - a cursed +2 dagger of flaming (melded)
Armour
 b - a cursed +1 robe (melded)
 f - a +0 cloak
 r - a cursed +0 pair of gloves (melded)
 v - a +1 cloak (melded)
 y - a +2 pair of gloves
Jewellery
 e - a cursed ring of protection from magic (melded)
 k - a ring of resist corrosion (melded)
 u - a cursed ring of teleportation
 z - an uncursed ring of ice
 H - an uncursed amulet of harm
Wands
 g - a wand of slowing (17/48)
 t - a wand of iceblast (9/15)
 A - a wand of random effects (19/48)
 C - a wand of iceblast (10/15)
 D - a wand of lightning (7/15)
 E - a wand of acid (6/15)
 G - a wand of slowing (40/48)
Scrolls
 h - 6 scrolls of teleportation
 n - a scroll of random uselessness {unknown}
 o - 5 scrolls of amnesia
 q - a scroll of fog
 x - 2 scrolls of blinking
 B - 4 scrolls of remove curse
 F - 2 scrolls of identify
 K - a scroll of enchant armour
Potions
 a - 2 potions of invisibility
 d - 3 potions of resistance
 i - 5 potions of curing
 j - 6 potions of brilliance
 l - 3 potions of agility
 m - a potion of might
 w - 2 potions of lignification
Books
 c - a book of Maledictions

   Spells                             Type                      Level
   a - Corona                         Hexes                        1
   b - Ensorcelled Hibernation        Hexes/Ice                    2
   c - Confuse                        Hexes                        3
   d - Tukima's Dance                 Hexes                        3
   e - Dazzling Spray                 Conjuration/Hexes            3
 p - a book of Misfortune

   Spells                             Type                      Level
   a - Confusing Touch                Hexes                        1
   b - Confuse                        Hexes                        3
   c - Gell's Gravitas                Hexes/Translocation          3
   d - Petrify                        Transmutation/Earth          4
   e - Metabolic Englaciation         Hexes/Ice                    5
   f - Yara's Violent Unravelling     Hexes/Transmutation          5
 I - a book of Geomancy

   Spells                             Type                      Level
   a - Sandblast                      Earth                        1
   b - Passwall                       Transmutation/Earth          2
   c - Stone Arrow                    Conjuration/Earth            3
   d - Petrify                        Transmutation/Earth          4
   e - Lee's Rapid Deconstruction     Earth                        5
 J - a book of Conjurations

   Spells                             Type                      Level
   a - Magic Dart                     Conjuration                  1
   b - Searing Ray                    Conjuration                  2
   c - Dazzling Spray                 Conjuration/Hexes            3
   d - Fulminant Prism                Conjuration/Hexes            4
   e - Iskenderun's Mystic Blast      Conjuration                  4
   f - Iskenderun's Battlesphere      Conjuration/Charms           5


   Skills:
 + Level 11.4(13.4) Short Blades
 + Level 2.4 Dodging
 * Level 20.9 Stealth
 - Level 2.0 Spellcasting
 - Level 12.0 Hexes


You had 9 spell levels left.
You knew the following spells:

 Your Spells              Type           Power        Failure   Level  Hunger
a - Corona                Hex            #####..      1%          1    #......
b - Ensorcelled Hibernat  Hex/Ice        ###...       1%          2    ###....
c - Confuse               Hex            #####...     1%          3    ###....


Dungeon Overview and Level Annotations

Branches:
Dungeon (11/15)            Temple (0/1) D:7            Lair (3/6) D:9
  Swamp: Lair:2-4    Shoals: Lair:2-4     Snake: Lair:2-4    Spider: Lair:2-4
    Orc: D:9-12

Altars:
Ashenzari
Dithmenos
Elyvilon
Makhleb
Nemelex Xobeh
Okawaru
Qazlal
Uskayaw
Vehumet
Yredelemnul
The Shining One

Shops:
D:9 }*(%


Innate Abilities, Weirdness & Mutations

You do not heal naturally.
You are immune to poison.
You have razor-sharp teeth.
You have supernaturally acute eyesight. (SInv)
((You can survive without breathing.))


Message History

Press: ? - help, Shift-Dir - straight line, f/p - crocodile
Aim: a crocodile (chance to defeat MR: 53%)
The crocodile resists with significant effort.
You turn into a vampire bat.
Your cursed +2 dagger of flaming melds into your body.
Your +1 cloak melds into your body.
Your cursed +0 pair of gloves melds into your body.
Your cursed +1 robe melds into your body.
Your cursed ring of protection from magic melds into your body.
Your ring of resist corrosion melds into your body.
Your cursed +2 dagger of flaming stops flaming.
The crocodile barely misses you.
There is a stone staircase leading down here.
You fly downwards.
A basilisk comes into view.
There is a stone staircase leading up here.
You fly upwards.
The crocodile bites you!!
* * * LOW HITPOINT WARNING * * *
The crocodile bites you!!
You die...

##.).....#
#.
#........#
##
##.......#
#
#.......##
#.......P#
##.......##
##P.......#
#.........#
##....bt.##
##
##......#
#P
#......##
###.
###...##
####...
#....#
##......
#..#.##
#.......
###....#
#.......
##.##..##
#.......
#.#....#
##......


You could see a crocodile.

Vanquished Creatures
  3 hydras
  2 hill giants (D:10)
  2 gargoyles (D:10)
  3 spiny frogs (Lair:2)
  5 komodo dragons (Lair:2)
  A troll (D:10)
  Grinder (D:3)
  4 hippogriffs
  Prince Ribbit (D:7)
  A human (D:7)
  A wyvern (D:10)
  12 yaks
  2 basilisks (Lair:1)
  3 hogs (D:7)
  A hungry ghost (D:9)
  3 water moccasins
  6 porcupines
  A black bear (D:10)
  2 ice beasts
  3 phantoms
  4 orc warriors
  2 sky beasts (D:9)
  An eye of draining (D:10)
  2 necrophages
  6 centaurs
  3 ogres
  10 wolves
  5 crocodiles
  9 bullfrogs
  A wyvern zombie (D:9)
  A water moccasin skeleton (D:10)
  4 scorpions
  2 electric eels (Lair:1)
  A howler monkey (D:5)
  4 crimson imps
  6 hounds
  A bullfrog zombie (D:6)
  3 jellies
  3 orc priests
  A centaur skeleton (D:4)
  16 orc wizards
  A bullfrog skeleton (D:10)
  3 iguanas
  8 worker ants
  2 hound skeletons
  Robin (D:3)
  3 gnolls
  5 adders
  3 shadow imps
  An adder zombie (D:7)
  2 oozes
  An adder skeleton (D:6)
  4 worms
  3 dart slugs
  6 leopard geckos
  33 orcs
  A ball python (D:2)
  3 giant cockroaches
  15 goblins
  10 hobgoblins
  11 jackals
  2 quokkas
  6 bats
  3 frilled lizards
  A giant cockroach zombie (D:5)
  8 kobolds
  A leopard gecko skeleton (D:3)
  10 rats
  A spectral orc (D:2)
290 creatures vanquished.

Vanquished Creatures (others)
  A water moccasin (D:8)
  An orc wizard (D:10)
  5 fungi (Lair:2)
  16 plants (Lair:2)
23 creatures vanquished.

Grand Total: 313 creatures vanquished

Notes
Turn   | Place    | Note
-------+----------+-------------------------------------------
     0 | D:1      | Jynx the Vampire Enchanter began the quest for the Orb.
     0 | D:1      | Reached XP level 1. HP: 13/13 MP: 3/3
   649 | D:1      | Reached XP level 2. HP: 19/19 MP: 5/5
   677 | D:1      | Learned a level 2 spell: Ensorcelled Hibernation
   799 | D:1      | Reached skill level 5 in Stealth
  1284 | D:2      | Reached skill level 5 in Hexes
  1449 | D:2      | Reached XP level 3. HP: 14/24 MP: 2/6
  1631 | D:2      | Found a white marble altar of Elyvilon.
  2140 | D:2      | Learned a level 3 spell: Confuse
  2184 | D:2      | Found a white marble altar of Elyvilon.
  2261 | D:2      | Found a basalt altar of Yredelemnul.
  2392 | D:3      | Noticed Robin
  2420 | D:3      | Reached XP level 4. HP: 28/30 MP: 7/7
  2421 | D:3      | Reached skill level 6 in Stealth
  2442 | D:3      | Killed Robin
  2526 | D:3      | Noticed Grinder
  3521 | D:3      | Killed Grinder
  3521 | D:3      | Reached skill level 8 in Stealth
  3521 | D:3      | Reached XP level 5. HP: 12/35 MP: 5/8
  3521 | D:3      | Reached XP level 6. HP: 14/41 MP: 5/9
  4819 | D:4      | Reached skill level 9 in Stealth
  4984 | D:4      | Reached XP level 7. HP: 39/46 MP: 6/10
  5092 | D:5      | Entered Level 5 of the Dungeon
  5285 | D:5      | Reached skill level 10 in Stealth
  5670 | D:5      | Reached skill level 5 in Short Blades
  5794 | D:4      | Reached XP level 8. HP: 16/52 MP: 2/11
  6105 | D:5      | Found an iron altar of Okawaru.
  6105 | D:5      | Found a stormy altar of Qazlal.
  6135 | D:5      | Reached skill level 11 in Stealth
  6373 | D:6      | Found a hide-covered altar of Uskayaw.
  6485 | D:6      | Found a glowing golden altar of the Shining One.
  6736 | D:6      | Reached skill level 12 in Stealth
  7117 | D:6      | Found a radiant altar of Vehumet.
  7119 | D:6      | Found a sparkling altar of Nemelex Xobeh.
  7120 | D:6      | Found a burning altar of Makhleb.
  7263 | D:6      | Found a shattered altar of Ashenzari.
  7290 | D:6      | Became a worshipper of Ashenzari the Shackled
  7520 | D:7      | Reached XP level 9. HP: 39/57 MP: 5/12
  7645 | D:7      | Reached skill level 13 in Stealth
  7662 | D:7      | Found a staircase to the Ecumenical Temple.
  8050 | D:7      | Found a shadowy altar of Dithmenos.
  8080 | D:7      | Noticed Prince Ribbit
  8285 | D:7      | Killed Prince Ribbit
  8285 | D:7      | Reached skill level 10 in Hexes
  8386 | D:7      | Reached skill level 14 in Stealth
 10020 | D:8      | Reached skill level 15 in Stealth
 10030 | D:8      | Identified the +1 shortbow of Vodateru {speed, rElec SInv}
 10318 | D:8      | Reached XP level 10. HP: 63/63 MP: 9/13
 10422 | D:8      | Reached * piety under Ashenzari
 10491 | D:8      | Found a stormy altar of Qazlal.
 10915 | D:9      | Found Badan's General Store.
 10998 | D:9      | Found Impog's Gadget Shop.
 11072 | D:9      | Found Kaduuguf's Weapon Shoppe.
 11206 | D:9      | Found a staircase to the Lair.
 11396 | D:9      | Found Qucheuc's Food Boutique.
 11431 | D:9      | Reached skill level 16 in Stealth
 11658 | D:10     | Entered Level 10 of the Dungeon
 11658 | D:10     | Noticed a hill giant
 11676 | D:10     | Killed a hill giant
 12356 | D:10     | Identified the +6 long sword "Demonslayer" {slice, rF+ MR- Str+8 SInv}
 12420 | D:10     | Noticed a gargoyle
 12425 | D:10     | Killed a gargoyle
 12450 | D:10     | Noticed an eight-headed hydra
 12468 | D:10     | Killed an eight-headed hydra
 12468 | D:10     | Reached skill level 17 in Stealth
 12755 | D:10     | Noticed a hill giant
 12759 | D:10     | Killed a hill giant
 12784 | D:10     | Noticed a gargoyle
 12814 | D:10     | Killed a gargoyle
 12814 | D:10     | Reached XP level 11. HP: 68/68 MP: 5/14
 13248 | D:10     | Reached skill level 18 in Stealth
 13348 | D:11     | Noticed a seven-headed hydra
 13353 | D:11     | Killed a seven-headed hydra
 13425 | Lair:1   | Entered Level 1 of the Lair of Beasts
 13427 | Lair:1   | Reached ** piety under Ashenzari
 13484 | Lair:1   | Reached skill level 10 in Short Blades
 14030 | Lair:1   | HP: 2/68 [wolf (3)]
 14485 | Lair:1   | Reached skill level 19 in Stealth
 15136 | Lair:2   | Noticed a four-headed hydra
 15176 | Lair:2   | Killed a four-headed hydra
 15267 | Lair:2   | Reached skill level 20 in Stealth
 15686 | Lair:2   | Reached XP level 12. HP: 40/74 MP: 3/15
 16431 | Lair:2   | Mangled by a crocodile

Skill      XL: |  1  2  3  4  5  6  7  8  9 10 11 |
---------------+----------------------------------+-----
Stealth        | 5 8 9 10 12 15 17 20 | 20.9
Hexes          | 5 6 7 8 9 11 12 | 12.0
Short Blades   | 2 3 4 5 6 7 9 11 | 11.4
Dodging        | |  2.4
Spellcasting   | |  2.0

Action                   |  1- 3 |  4- 6 |  7- 9 | 10-12 || total
-------------------------+-------+-------+-------+-------++-------
Melee: Dagger            |   146 |   202 |   289 |   380 ||  1017
       Bite              |    10 |    11 |    23 |    39 ||    83
 Cast: Ensorcelled Hiber |     6 |    13 |    64 |   136 ||   219
       Confuse           |     1 |     4 |    15 |    15 ||    35
Invok: Curse Item        |       |       |     4 |       ||     4
 Abil: Bat Form          |       |     2 |     3 |     3 ||     8
       End Transformatio |       |     2 |     3 |     2 ||     7
  Use: Scroll            |     5 |     4 |     3 |     7 ||    19
       Potion            |       |       |       |     3 ||     3
 Stab: Sleeping          |    18 |    13 |    55 |    75 ||   161
       Confused          |     1 |     3 |     9 |    11 ||    24
       Distracted        |       |     3 |     1 |     2 ||     6
  Eat: Corpse            |     3 |     8 |    10 |    10 ||    31
Armor: Robe              |    29 |    45 |    49 |    37 ||   160
Dodge: Dodged            |    92 |   110 |   137 |   156 ||   495
